 Dungeon Crawl Stone Soup version 0.27.1-3-gb3d3a73c9e (webtiles) character file.

Game seed: 14050605400427977552

3831 H0rd4k the Slicer (level 10, -5/77 HPs)
             Began as a Human Artificer on Oct 8, 2021.
             Was an Initiate of Gozag.
             Slain by a cyclops (27 damage)
             ... on level 9 of the Dungeon.
             The game lasted 00:21:48 (14050 turns).

H0rd4k the Slicer (Human Artificer)                Turns: 14050, Time: 00:21:49

Health: -5/77      AC:  8    Str: 13    XL:     10   Next: 40%
Magic:  10/10      EV: 14    Int: 14    God:    Gozag
Gold:   329        SH:  0    Dex: 14    Spells: 9/9 levels left

rFire    + + .     SeeInvis +   k - +1 short sword (venom)
rCold    . . .     Faith    .   (no shield)
rNeg     . . .     Spirit   .   b - +0 leather armour
rPois    .         Reflect  .   F - +1 helmet "Luicull" {Will+ SInv}
rElec    .         Harm     +   (no cloak)
rCorr    .         Rampage  .   (no gloves)
Will     +....                  c - +2 pair of boots
Stlth    +.........             q - amulet "Gepnox" {Harm rF++ Regen+ Stlth-}
HPRegen  1.22/turn              a - ring of wizardry
MPRegen  0.12/turn              (no ring)

@: studying 2 skills
A: no striking features
a: Renounce Religion, Potion Petition, Call Merchant, Bribe Branch


You were on level 9 of the Dungeon.
You worshipped Gozag.
Gozag was aware of your devotion.
You visited 2 branches of the dungeon, and saw 10 of its levels.
You also visited: Sewer.

You collected 640 gold pieces.
You spent 195 gold pieces at shops.
You paid 116 gold pieces to Gozag.

Inventory:

Hand Weapons
 k - a +1 short sword of venom (weapon)
 y - the +3 broad axe of Qazlal's Anger {spect, rF+}
   (You found it on level 5 of the Dungeon)

   When its wielder attacks, the weapon's spirit leaps out and strikes again.
   The spirit shares a part of any damage it takes with its wielder.
   rF:        It protects you from fire.
Armour
 b - a +0 leather armour (worn)
 c - a +2 pair of boots (worn)
 F - the +1 helmet "Luicull" (worn) {Will+ SInv}
   (You found it on level 8 of the Dungeon)

   SInv:      It lets you see invisible.
   Will:      It increases your willpower.
Magical Staves
 D - a staff of cold
 E - a staff of fire
Jewellery
 a - a ring of wizardry (left hand)
 q - the amulet "Gepnox" (around neck) {Harm rF++ Regen+ Stlth-}
   (You bought it in a shop on level 3 of the Dungeon)

   [amulet of regeneration]

   rF:        It greatly protects you from fire.
   Regen:     It increases your rate of health regeneration.
   Harm:      It increases damage dealt and taken.
   Stlth:     It makes you less stealthy.
 B - an amulet of magic regeneration
 I - an amulet of reflection
Wands
 d - a wand of charming (9)
 H - a wand of flame (11)
Scrolls
 f - 5 scrolls of immolation
 g - a scroll of vulnerability {unknown}
 i - 2 scrolls of identify
 l - a scroll of brand weapon
 m - 3 scrolls of teleportation
 o - a scroll of noise {unknown}
 p - a scroll of magic mapping
 u - a scroll of amnesia {unknown}
 w - a scroll of enchant armour {unknown}
 z - 2 scrolls of torment {unknown}
 A - a scroll of fog {unknown}
 C - a scroll of blinking
Potions
 h - 3 potions of haste
 j - a potion of attraction
 n - a potion of lignification
 r - 2 potions of invisibility
 s - 3 potions of brilliance
 t - a potion of mutation
 v - 3 potions of might
 x - 2 potions of flight
 G - a potion of curing
Miscellaneous
 e - a piece from Xom's chessboard (12/15)


   Skills:
 + Level 6.3 Fighting
 + Level 9.3 Short Blades
 - Level 3.8 Armour
 + Level 6.3 Dodging
 - Level 3.4 Stealth
 + Level 5.0 Evocations


You had 9 spell levels left.
You didn't know any spells.
Your spell library contained the following spells:

 Spells                   Type           Power      Damage    Failure   Level
 Foxfire                  Conj/Fire      0%         2x1d4     14%         1
 Conjure Flame            Conj/Fire      0%         6-21      38%         3
 Inner Flame              Hex/Fire       0%         N/A       38%         3
 Animate Dead             Necr           0%         N/A       77%         4
 Borgnjor's Vile Clutch   Necr/Erth      0%         N/A       98%         5
 Death Channel            Necr           0%         N/A       100%        6


Dungeon Overview and Level Annotations

Branches:
Dungeon (9/15)             Temple (1/1) D:7           Sewer (visited)
   Lair: D:8-11         Orc: D:9-12

Altars:
Ashenzari
Dithmenos
Fedhas
Gozag
Hepliaklqana
Kikubaaqudgha
Makhleb
Nemelex Xobeh
Okawaru
Qazlal
Ru
Sif Muna
Trog
Uskayaw
Vehumet
Wu Jian
Xom
Yredelemnul
Zin
The Shining One

Shops:
D:3 *   D:4 (   D:7 =   D:8 ?

Annotations:
D:1 exclusion: downstairs
D:3 exclusion: 2 downstairs
D:7 exclusion: water moccasin, Dowan, Menkaure


Message History

A cyclops is nearby!
There is an open door here.
You hit the cyclops.
The cyclops is lightly wounded.
The cyclops hits you!!
You hit the cyclops.
The cyclops is poisoned.
The cyclops is lightly wounded.
You barely miss the cyclops.
The cyclops is lightly wounded.
The cyclops hits you.
You hit the cyclops.
The cyclops looks as sick as possible!
The cyclops is lightly wounded.
You completely miss the cyclops.
The cyclops is lightly wounded.
You barely miss the cyclops.
The cyclops is lightly wounded.
The cyclops hits you.
You hit the cyclops.
The cyclops is moderately wounded.
You hit the cyclops.
The cyclops looks as sick as possible!
The cyclops is moderately wounded.
The cyclops closely misses you.
You hit the cyclops but do no damage.
The cyclops looks as sick as possible!
The cyclops is heavily wounded.
You hit the cyclops.
The cyclops looks as sick as possible!
The cyclops is heavily wounded.
The cyclops hits you but does no damage.
You barely miss the cyclops.
The cyclops is heavily wounded.
You hit the cyclops.
The cyclops looks as sick as possible!
The cyclops is severely wounded.
The cyclops hits you!!
* * * LOW HITPOINT WARNING * * *
You hit the cyclops but do no damage.
The cyclops is severely wounded.
You hit the cyclops but do no damage.
The cyclops is severely wounded.
The cyclops hits you!!
You die...
Your body crumbles into a pile of gold.

..".......###.........#.#
..................##'##.#
....))............##..#.#
..................###.#.#
..............≈≈≈≈≈≈≈≈≈.#
..............≈##≈≈≈##≈.#
..........###.≈#######≈.#
..........# #.≈≈#...#≈≈.##
.#+########
#...@C.$#≈≈..######## .#
#.≈≈#...#≈≈.......... .#
##≈#######≈...####### .#.##
#≈##≈≈≈##≈...# ....#
####≈≈≈≈≈≈≈≈≈...## ....#
#.....# ##....#..# ....#
#.##### #....#..####
....#######.#############.>...#
..................# #####.#


You could see a cyclops (extremely poisoned).

Vanquished Creatures
  A two-headed ogre (D:9)
  Edmund (D:4)
  A water moccasin (D:6)
  2 black bears (D:5)
  2 ice beasts
  An orc warrior (D:8)
  A sky beast (D:7)
  3 necrophages (D:5)
  2 ogres (D:4)
  7 centaurs
  Terence (D:2)
  3 kobold brigands
  5 bullfrogs
  2 scorpions
  A bullfrog zombie (D:5)
  3 centaur zombies
  2 jellies
  2 hounds (D:6)
  A bullfrog skeleton (D:5)
  2 orc priests
  Ijyb (D:3)
  A centaur skeleton (D:4)
  5 orc wizards
  2 killer bee zombies (D:8)
  A hound zombie (D:5)
  6 adders
  2 howler monkey skeletons (D:5)
  9 river rats
  2 shadow imps (D:7)
  2 white imps
  2 ufetubi
  An adder skeleton (D:4)
  5 dart slugs
  26 orcs
  9 endoplasms
  4 giant cockroaches
  13 goblins
  7 hobgoblins
  13 jackals
  6 quokkas
  17 ball pythons
  3 bats
  3 frilled lizards
  30 kobolds
  27 rats
240 creatures vanquished.

Vanquished Creatures (collateral kills)
  A two-headed ogre (D:9)
  A centaur zombie (D:7)
  3 gnolls (D:2)
  2 orcs (D:7)
  A bat (D:2)
  A hobgoblin (D:2)
9 creatures vanquished.

Grand Total: 249 creatures vanquished

Notes
Turn   | Place    | Note
-------+----------+-------------------------------------------
     0 | D:1      | H0rd4k the Human Artificer began the quest for the Orb.
     0 | D:1      | Reached XP level 1. HP: 15/15 MP: 1/1
   336 | D:1      | Reached XP level 2. HP: 18/21 MP: 2/2
   731 | D:1      | Reached XP level 3. HP: 10/26 MP: 3/3
  1704 | D:2      | Noticed a great orb of eyes
  1705 | D:2      | Found a faded altar of an unknown god.
  1708 | D:2      | Noticed a great orb of eyes
  1717 | D:2      | Reached XP level 4. HP: 28/32 MP: 4/4
  1856 | D:2      | Noticed Terence
  1863 | D:2      | Noticed a great orb of eyes
  1872 | D:2      | Noticed an eye of devastation
  1921 | D:2      | Found a burning altar of Makhleb.
  2552 | D:2      | Reached skill level 1 in Short Blades
  2580 | D:2      | Killed Terence
  2581 | D:2      | Reached XP level 5. HP: 9/37 MP: 5/5
  3181 | D:3      | Found Tuevaep's Assorted Antiques.
  3391 | D:3      | Noticed Ijyb
  3425 | D:3      | HP: 1/37 [hobgoblin (4)]
  3446 | D:3      | Killed Ijyb
  3510 | D:3      | Reached skill level 2 in Short Blades
  3825 | D:3      | Reached XP level 6. HP: 36/44 MP: 6/6
  4613 | D:4      | Noticed an ogre
  4637 | D:4      | Killed an ogre
  4710 | D:4      | Found Vonoyr's Firing Range.
  4948 | D:4      | Found a glowing drain.
  4963 | Sewer    | Entered a sewer
  5075 | Sewer    | Reached XP level 7. HP: 34/51 MP: 7/7
  5270 | Sewer    | Reached skill level 3 in Short Blades
  7012 | D:4      | Noticed Edmund
  7202 | D:1      | Identified a scroll of acquirement
  7202 | D:1      | Acquired a manual of Spellcasting
  7635 | D:4      | HP: 2/51 [Edmund (9)]
  7669 | D:4      | You fall into a shaft and drop 1 floor!
  7669 | D:5      | Entered Level 5 of the Dungeon
  7940 | D:5      | Reached skill level 4 in Short Blades
  7984 | D:4      | Killed Edmund
  7985 | D:4      | Reached XP level 8. HP: 58/58 MP: 8/8
  8186 | D:4      | Found a shimmering blue altar of Sif Muna.
  8248 | D:5      | Found a shadowy altar of Dithmenos.
  8406 | D:5      | Reached skill level 5 in Short Blades
  8506 | D:5      | Identified the +3 broad axe of Qazlal's Anger {spect, rF+}
  9037 | D:5      | Reached skill level 6 in Short Blades
  9310 | D:5      | Reached XP level 9. HP: 66/66 MP: 9/9
 10123 | D:6      | Reached skill level 5 in Fighting
 10123 | D:6      | Reached skill level 7 in Short Blades
 11485 | D:7      | Reached skill level 8 in Short Blades
 11690 | D:7      | Noticed Dowan
 11716 | D:7      | Reached skill level 5 in Dodging
 11795 | D:7      | Found Bubaz's Jewellery Emporium.
 11940 | D:7      | Found a broken altar of Ashenzari.
 11999 | D:7      | Noticed a manticore
 12062 | D:7      | Noticed Menkaure
 12065 | D:7      | HP: 2/68 [manticore (7)]
 12567 | D:7      | Found a staircase to the Ecumenical Temple.
 12585 | Temple   | Entered the Ecumenical Temple
 12652 | Temple   | Became a worshipper of Gozag Ym Sagoz the Greedy
 12804 | D:3      | Bought a transparent crystal amulet for 105 gold pieces
 12804 | D:3      | Identified the amulet "Gepnox" {Harm rF++ Regen+ Stlth-}
                  | (You bought it in a shop on level 3 of the Dungeon)
 12947 | D:8      | Reached XP level 10. HP: 70/76 MP: 10/10
 13054 | D:8      | Found Wifetokh's Magic Scroll Shoppe.
 13080 | D:8      | Reached skill level 5 in Evocations
 13157 | D:8      | Bought a scroll of blinking for 90 gold pieces
 13202 | D:8      | Found a shimmering altar of Xom.
 13309 | D:8      | Identified the +1 helmet "Luicull" {Will+ SInv}
 13381 | D:8      | Found an ornate altar of the Wu Jian Council.
 13456 | D:8      | Found a sacrificial altar of Ru.
 13461 | D:8      | Found a burning altar of Makhleb.
 13468 | D:8      | Found a glowing silver altar of Zin.
 13661 | D:9      | Reached skill level 9 in Short Blades
 13982 | D:9      | Noticed a two-headed ogre
 13984 | D:9      | Noticed a two-headed ogre
 13992 | D:9      | Killed a two-headed ogre
 13994 | D:9      | Killed a two-headed ogre
 14035 | D:9      | Noticed a cyclops
 14050 | D:9      | Slain by a cyclops

Illustrated notes

Levels and vault maps discovered:
D:1:      minmay_arrival_four_circles, layout_basic, minmay_hexomino_p4
D:2:      layout_rooms, basic_altar, hellmonk_ecumenical_altar_watching_god,
          uniq_terence
D:3:      kennysheep_the_goblin_king, layout_loops_ring, serial_shops, shop
D:4:      layout_loops_ring, nicolae_sif_muna_little_library,
          portal_sewer_entry_b, nicolae_shop_firing_range, uniq_edmund
D:5:      layout_loops_ring, nicolae_dithmenos_through_a_glass_darkly,
          minmay_misc_feat_more_columns
D:6:      layout_loops_ring
D:7:      layout_gridville, mainiacjoe_overflow_alcove_4,
          nicolae_ashenzari_skybound, temple_statues, serial_shops, shop,
          minmay_manual_mail, uniq_menkaure, uniq_duvessa
D:8:      layout_rooms, mainiacjoe_overflow_alcove_1,
          nicolae_wu_jian_immortal_techniques, minmay_overflow_temple_star_quad,
          serial_shops, shop
D:9:      layout_basic, slow_altar_1, lightli_minifort
Temple:   nicolae_temple_x_marks_the_god

Skill      XL: |  1  2  3  4  5  6  7  8  9 10 |
---------------+-------------------------------+-----
Short Blades   | 1 2 4 6 8 9 |  9.3
Evocations     | 4 5 |  5.0
Dodging        | 2 3 5 6 |  6.3
Armour         | 3 |  3.8
Fighting       | 2 3 4 5 6 |  6.3
Stealth        | 2 3 |  3.4

Action                   |  1- 3 |  4- 6 |  7- 9 | 10-12 || total
-------------------------+-------+-------+-------+-------++-------
Melee: Club              |    78 |       |       |       ||    78
       Short sword       |    60 |   171 |   522 |   167 ||   920
Evoke: Wand              |     1 |     8 |    11 |     1 ||    21
       Piece from Xom's  |       |       |     8 |     1 ||     9
  Use: Potion            |       |     3 |     9 |       ||    12
       Scroll            |       |     1 |     4 |     7 ||    12
 Stab: Sleeping          |     1 |     4 |     4 |       ||     9
       Paralysed         |       |       |     4 |       ||     4
       Distracted        |       |       |     1 |       ||     1
       Confused          |       |       |     2 |       ||     2
Armor: Leather armour    |    43 |    73 |   184 |    36 ||   336
       Skin              |       |       |    20 |       ||    20
Dodge: Dodged            |   113 |   189 |   318 |    82 ||   702
